TOP OF THE 1ST |
Americus Braves batting - Pitching for Kelowna Heat : LHP Matt DeGrado
|
Pitching: LHP Matt DeGrado
|
|
Batting: RHB Carlos Livas
|
0-0: Ground out 3-1 (Groundball, 34, EV 105.0 MPH)
|
Batting: LHB Mitsujiro Tanaka
|
0-0: Ball 1-0: Ball 2-0: Foul Ball, location: 2F 2-1: Fly out, F4 (Line Drive, 4, EV 65.0 MPH)
|
Batting: RHB Chris Trites
|
0-0: Ball 1-0: DOUBLE (Line Drive, 9LS, EV 108.1 MPH)
|
Batting: RHB Roberto Rios
|
0-0: TRIPLE (Flyball, 89XD, EV 88.8 MPH) Chris Trites scores
|
Batting: RHB Costantino Dolfini
|
0-0: Called Strike 0-1: Ball Wild Pitch! Roberto Rios scores 1-1: Ball 2-1: Foul Ball, location: 2F 2-2: Strikes out looking
|
Top of the 1st over - 2 runs, 2 hits, 0 errors, 0 left on base; Americus 2 - Kelowna 0 |
BOTTOM OF THE 1ST |
Kelowna Heat batting - Pitching for Americus Braves : LHP Jose Ruiz
|
Pitching: LHP Jose Ruiz
|
|
Batting: LHB Mason Duffy
|
0-0: Called Strike 0-1: Ball 1-1: Called Strike 1-2: Strikes out swinging
|
Batting: RHB Tony Harper
|
0-0: Ball 1-0: Fly out, F9 (Flyball, 9S, EV 86.9 MPH)
|
Batting: LHB Mike Roberts
|
0-0: Ball 1-0: Called Strike 1-1: Ball 2-1: Fly out, F8 (Flyball, 8LXD, EV 92.5 MPH)
|
Bottom of the 1st over - 0 runs, 0 hits, 0 errors, 0 left on base; Americus 2 - Kelowna 0 |
TOP OF THE 2ND |
Americus Braves batting - Pitching for Kelowna Heat : LHP Matt DeGrado
|
Batting: RHB Manny Hensley
|
0-0: Ball 1-0: Called Strike 1-1: Swinging Strike 1-2: SINGLE (Groundball, 56D, EV 96.2 MPH)
|
Batting: RHB Alex Campos
|
0-0: Called Strike 0-1: Ball Wild Pitch! Manny Hensley to second 1-1: Swinging Strike 1-2: 2-RUN HOME RUN (Flyball, 8RXD, EV 111.9 MPH), Distance : 453 ft
|
Batting: LHB Ivan Castillo
|
0-0: Ball 1-0: Ball 2-0: Ball 3-0: Called Strike 3-1: Base on Balls
|
Batting: RHB Bart Stevensdick
|
0-0: Foul Ball, location: 2F 0-1: Called Strike 0-2: Strikes out swinging
|
Batting: RHB Carlos Livas
|
0-0: Ball 1-0: Called Strike 1-1: Swinging Strike 1-2: Strikes out looking
|
Batting: LHB Mitsujiro Tanaka
|
0-0: Ball 1-0: Ball 2-0: Ball 3-0: Base on Balls Ivan Castillo to second
|
Batting: RHB Chris Trites
|
0-0: Ball 1-0: Foul Ball, location: 2F 1-1: Called Strike 1-2: Ball 2-2: Ball 3-2: Foul Ball, location: 2F 3-2: Base on Balls Ivan Castillo to third Mitsujiro Tanaka to second
|
Batting: RHB Roberto Rios
|
0-0: Fielders Choice at 2nd, 6-4 (Groundball, 6, EV 110.0 MPH)
|
Top of the 2nd over - 2 runs, 2 hits, 0 errors, 3 left on base; Americus 4 - Kelowna 0 |
BOTTOM OF THE 2ND |
Kelowna Heat batting - Pitching for Americus Braves : LHP Jose Ruiz
|
Batting: RHB Zach Maguire
|
0-0: Ball 1-0: Swinging Strike 1-1: Ground out 4-3 (Groundball, 4, EV 78.1 MPH)
|
Batting: RHB Malik Sharpless
|
0-0: Called Strike 0-1: Ball 1-1: Ground out 6-3 (Groundball, 6, EV 103.8 MPH)
|
Batting: RHB Ryan Roberts
|
0-0: Called Strike 0-1: Ball 1-1: Ball 2-1: Ball 3-1: Foul Ball, location: 2F 3-2: Base on Balls
|
Batting: RHB Vinny Torres
|
0-0: Ball 1-0: Fly out, F9 (Flyball, 89M, EV 96.2 MPH)
|
Bottom of the 2nd over - 0 runs, 0 hits, 0 errors, 1 left on base; Americus 4 - Kelowna 0 |
BOTTOM OF THE 3RD |
Kelowna Heat batting - Pitching for Americus Braves : LHP Jose Ruiz
|
Now at 1B: Karl Starnes
|
|
Batting: LHB Chris West
|
0-0: Ball 1-0: Called Strike 1-1: Ball 2-1: Ball 3-1: Foul Ball, location: 2F 3-2: Foul Ball, location: 2F 3-2: Strikes out swinging
|
Batting: RHB Ricky Aguilar
|
0-0: Called Strike 0-1: Called Strike 0-2: Ball 1-2: Strikes out swinging
|
Batting: LHB Mason Duffy
|
0-0: Ground out 3-1 (Groundball, 34S, EV 81.9 MPH)
|
Bottom of the 3rd over - 0 runs, 0 hits, 0 errors, 0 left on base; Americus 5 - Kelowna 0 |
TOP OF THE 4TH |
Americus Braves batting - Pitching for Kelowna Heat : LHP Matt DeGrado
|
Batting: RHB Chris Trites
|
0-0: Swinging Strike 0-1: Ball 1-1: Foul Ball, location: 2F 1-2: Strikes out swinging
|
Batting: RHB Roberto Rios
|
0-0: Ball 1-0: Called Strike 1-1: Foul Ball, location: 2F 1-2: Foul Ball, location: 2F 1-2: Strikes out looking
|
Batting: RHB Costantino Dolfini
|
0-0: Called Strike 0-1: Ball 1-1: Swinging Strike 1-2: Foul Ball, location: 2F 1-2: Strikes out swinging
|
Top of the 4th over - 0 runs, 0 hits, 0 errors, 0 left on base; Americus 5 - Kelowna 0 |
BOTTOM OF THE 4TH |
Kelowna Heat batting - Pitching for Americus Braves : LHP Jose Ruiz
|
Batting: RHB Tony Harper
|
0-0: Called Strike 0-1: Ball 1-1: Ball 2-1: Foul Ball, location: 2F 2-2: Ball 3-2: Base on Balls
|
Batting: LHB Mike Roberts
|
0-0: Ball 1-0: Foul Ball, location: 2F 1-1: Swinging Strike 1-2: Ball 2-2: Strikes out swinging
|
Batting: RHB Zach Maguire
|
0-0: Ball 1-0: Called Strike 1-1: SINGLE (Flyball, 7LS, EV 90.6 MPH) Tony Harper to second
|
Batting: RHB Malik Sharpless
|
0-0: Called Strike 0-1: Ball 1-1: Fly out, F9 (Flyball, 89D, EV 93.1 MPH) Runner from 2nd tags up, SAFE at 3rd, no throw by RF
|
Batting: RHB Ryan Roberts
|
0-0: Called Strike 0-1: Ball 1-1: Ball 2-1: Fly out, F8 (Line Drive, 8RM, EV 90.0 MPH)
|
Bottom of the 4th over - 0 runs, 1 hit, 0 errors, 2 left on base; Americus 5 - Kelowna 0 |
TOP OF THE 5TH |
Americus Braves batting - Pitching for Kelowna Heat : LHP Matt DeGrado
|
Pitching: LHP Jason Haas
|
|
Batting: RHB Manny Hensley
|
0-0: Called Strike 0-1: Ground out 4-3 (Groundball, 4S, EV 90.0 MPH)
|
Batting: RHB Alex Campos
|
0-0: Ball 1-0: Swinging Strike 1-1: SINGLE (Groundball, 6MD, EV 95.6 MPH)
|
Batting: LHB Ivan Castillo
|
0-0: Ball 1-0: Ball 2-0: Called Strike 2-1: Foul Ball, location: 2F 2-2: Ball 3-2: Base on Balls Alex Campos to second
|
Batting: RHB Bart Stevensdick
|
0-0: Ball 1-0: Called Strike 1-1: Ball 2-1: Called Strike 2-2: Foul Ball, location: 2F 2-2: Fly out, F2 (Popup, 15S, EV 86.9 MPH)
|
Batting: SHB Karl Starnes
|
0-0: Fly out, F8 (Flyball, 89M, EV 83.1 MPH)
|
Top of the 5th over - 0 runs, 1 hit, 0 errors, 2 left on base; Americus 5 - Kelowna 0 |
BOTTOM OF THE 5TH |
Kelowna Heat batting - Pitching for Americus Braves : LHP Jose Ruiz
|
Batting: RHB Vinny Torres
|
0-0: Ball 1-0: Called Strike 1-1: Foul Ball, location: 2F 1-2: Strikes out swinging
|
Batting: LHB Chris West
|
0-0: Called Strike 0-1: Ball 1-1: Called Strike 1-2: Ground out 6-3 (Groundball, 6, EV 84.4 MPH)
|
Batting: RHB Ricky Aguilar
|
0-0: Called Strike 0-1: Ground out 5-3 (Groundball, 5S, EV 85.0 MPH)
|
Bottom of the 5th over - 0 runs, 0 hits, 0 errors, 0 left on base; Americus 5 - Kelowna 0 |
TOP OF THE 6TH |
Americus Braves batting - Pitching for Kelowna Heat : LHP Jason Haas
|
Batting: LHB Mitsujiro Tanaka
|
0-0: Ground out 5-3 (Groundball, 56S, EV 81.9 MPH)
|
Batting: RHB Chris Trites
|
0-0: Called Strike 0-1: Ball 1-1: Ball 2-1: Ball 3-1: Base on Balls
|
Batting: RHB Roberto Rios
|
0-0: Called Strike 0-1: Foul Ball, location: 2F 0-2: Foul Ball, location: 2F 0-2: Strikes out swinging
|
Batting: RHB Costantino Dolfini
|
0-0: Swinging Strike 0-1: Ball 1-1: Ball 2-1: Ball 3-1: Base on Balls Chris Trites to second
|
Batting: RHB Manny Hensley
|
0-0: Ball 1-0: Ball 2-0: Swinging Strike 2-1: Swinging Strike 2-2: Foul Ball, location: 2F 2-2: Strikes out swinging
|
Top of the 6th over - 0 runs, 0 hits, 0 errors, 2 left on base; Americus 5 - Kelowna 0 |
BOTTOM OF THE 6TH |
Kelowna Heat batting - Pitching for Americus Braves : LHP Jose Ruiz
|
Batting: LHB Mason Duffy
|
0-0: Ball 1-0: Ball 2-0: Ball 3-0: Base on Balls
|
Batting: RHB Tony Harper
|
0-0: Called Strike Mason Duffy is caught stealing 2nd base 2-4 0-1: Called Strike 0-2: Ball 1-2: Hit by Pitch
|
Batting: LHB Mike Roberts
|
0-0: Fly out, F9 (Flyball, 89M, EV 86.2 MPH)
|
Batting: RHB Zach Maguire
|
0-0: Ball 1-0: Ball 2-0: Ball 3-0: Called Strike 3-1: Base on Balls Tony Harper to second
|
Batting: RHB Malik Sharpless
|
0-0: Ball 1-0: Ball 2-0: Ball 3-0: Base on Balls Tony Harper to third Zach Maguire to second
|
Batting: RHB Ryan Roberts
|
0-0: Fly out, F6 (Popup, 6MD, EV 46.2 MPH)
|
Bottom of the 6th over - 0 runs, 0 hits, 0 errors, 3 left on base; Americus 5 - Kelowna 0 |
TOP OF THE 7TH |
Americus Braves batting - Pitching for Kelowna Heat : LHP Jason Haas
|
Batting: RHB Alex Campos
|
0-0: Ball 1-0: Called Strike 1-1: Ball 2-1: Ball 3-1: Called Strike 3-2: Foul Ball, location: 2F 3-2: Foul Ball, location: 2F 3-2: Strikes out swinging
|
Batting: LHB Ivan Castillo
|
0-0: Ball 1-0: Called Strike 1-1: Foul Ball, location: 2F 1-2: Ball 2-2: Foul Ball, location: 2F 2-2: Strikes out looking
|
Batting: RHB Bart Stevensdick
|
0-0: Foul Ball, location: 2F 0-1: Ball 1-1: Swinging Strike 1-2: Fly out, F8 (Flyball, 8LD, EV 93.8 MPH)
|
Top of the 7th over - 0 runs, 0 hits, 0 errors, 0 left on base; Americus 5 - Kelowna 0 |
BOTTOM OF THE 7TH |
Kelowna Heat batting - Pitching for Americus Braves : LHP Jose Ruiz
|
Batting: RHB Vinny Torres
|
0-0: Called Strike 0-1: Foul Ball, location: 2F 0-2: Foul Ball, location: 2F 0-2: Ball 1-2: Ball 2-2: Ball 3-2: Base on Balls
|
Batting: LHB Chris West
|
0-0: Ball 1-0: Ball 2-0: Ball 3-0: Called Strike 3-1: Fielders Choice at 2nd, 4-6 (Groundball, 4, EV 86.9 MPH)
|
Batting: RHB Ricky Aguilar
|
0-0: Ball 1-0: Called Strike 1-1: Called Strike 1-2: Grounds into double play, 6-4-3 (Groundball, 6, EV 83.1 MPH)
|
Bottom of the 7th over - 0 runs, 0 hits, 0 errors, 0 left on base; Americus 5 - Kelowna 0 |
TOP OF THE 8TH |
Americus Braves batting - Pitching for Kelowna Heat : LHP Jason Haas
|
Batting: SHB Karl Starnes
|
0-0: Swinging Strike 0-1: Ball 1-1: Foul Ball, location: 2F 1-2: Ball 2-2: Ball 3-2: Strikes out looking
|
Pitching: LHP Ricky Coats
|
|
Batting: LHB Mitsujiro Tanaka
|
0-0: Ball 1-0: Foul Ball, location: 2F 1-1: Called Strike 1-2: Ball 2-2: Ball 3-2: Base on Balls
|
Batting: RHB Chris Trites
|
0-0: Foul Ball, location: 2F 0-1: Fly out, F8 (Flyball, 8LD, EV 105.0 MPH)
|
Batting: RHB Roberto Rios
|
0-0: Ball 1-0: Fly out, F4 (Popup, 4, EV 66.2 MPH)
|
Top of the 8th over - 0 runs, 0 hits, 0 errors, 1 left on base; Americus 5 - Kelowna 0 |
BOTTOM OF THE 8TH |
Kelowna Heat batting - Pitching for Americus Braves : LHP Jose Ruiz
|
Batting: LHB Mason Duffy
|
0-0: Foul Ball, location: 2F 0-1: Ball 1-1: Called Strike 1-2: Fly out, F8 (Flyball, 8LS, EV 86.9 MPH)
|
Batting: RHB Tony Harper
|
0-0: SINGLE (Line Drive, 56D, EV 99.4 MPH)
|
Batting: LHB Mike Roberts
|
0-0: Called Strike 0-1: Hit by Pitch Tony Harper to second
|
Batting: RHB Zach Maguire
|
0-0: Ball 1-0: SINGLE (Groundball, 4D, EV 103.8 MPH) Tony Harper to third Mike Roberts to second Runner from 3rd tries for Home, throw by CF and OUT! 8-2
|
Batting: RHB Malik Sharpless
|
0-0: Called Strike 0-1: Ground out 4-3 (Groundball, 4, EV 86.9 MPH)
|
Bottom of the 8th over - 0 runs, 2 hits, 0 errors, 2 left on base; Americus 5 - Kelowna 0 |
TOP OF THE 9TH |
Americus Braves batting - Pitching for Kelowna Heat : LHP Ricky Coats
|
Batting: RHB Costantino Dolfini
|
0-0: Ball 1-0: Foul Ball, location: 2F 1-1: Swinging Strike 1-2: Strikes out looking
|
Batting: RHB Manny Hensley
|
0-0: Ball 1-0: Swinging Strike 1-1: Foul Ball, location: 2F 1-2: Strikes out swinging
|
Batting: RHB Alex Campos
|
0-0: Foul Ball, location: 2F 0-1: Ground out 5-3 (Groundball, 56, EV 84.4 MPH)
|
Top of the 9th over - 0 runs, 0 hits, 0 errors, 0 left on base; Americus 5 - Kelowna 0 |
BOTTOM OF THE 9TH |
Kelowna Heat batting - Pitching for Americus Braves : LHP Jose Ruiz
|
Pitching: RHP Javy Hernandez
|
|
Batting: RHB Ryan Roberts
|
0-0: Ball 1-0: Called Strike 1-1: DOUBLE (Line Drive, 8LD, EV 102.5 MPH)
|
Batting: RHB Vinny Torres
|
0-0: Called Strike 0-1: Ball 1-1: Ground out 6-3 (Groundball, 6D, EV 81.9 MPH) Ryan Roberts to third
|
Pitching: LHP Mohala Kileona
|
|
Batting: LHB Chris West
|
0-0: Called Strike 0-1: Foul Ball, location: 2F 0-2: Ground out 4-3 (Groundball, 4, EV 85.0 MPH) Ryan Roberts scores
|
Pitching: RHP Armando Padron
|
|
Pinch Hitting: LHB Alex Larangho
|
0-0: Ball 1-0: Foul Ball, location: 2F 1-1: Ball 2-1: Ground out 2-3 (Groundball, 2L, EV 68.8 MPH)
|
Bottom of the 9th over - 1 run, 1 hit, 0 errors, 0 left on base; Americus 5 - Kelowna 1 |
|